 Dungeon Crawl Stone Soup version 0.24.0-2-g5b39cebb1c (webtiles) character file.

Game seed: 540092314698844723, levelgen mode: deterministic

61739 night the Brawler (level 15, -1/138 HPs)
             Began as a Ghoul Fighter on Oct 29, 2019.
             Was a Believer of Uskayaw.
             Slain by Frances
             ... wielding a +1 dire flail of venom
              (18 damage)
             ... on level 13 of the Dungeon.
             The game lasted 00:57:23 (20104 turns).

night the Brawler (Ghoul Fighter)                  Turns: 20104, Time: 00:57:25

Health: -1/138     AC: 18    Str: 33    XL:     15   Next: 3%
Magic:  18/18      EV: 12    Int:  8    God:    Uskayaw [**....]
Gold:   1199       SH: 14    Dex: 13    Spells: 14/14 levels left

rFire    + . .     SeeInvis +     - Unarmed
rCold    + + .     Gourm    .   f - +0 shield
rNeg     + + +     Faith    .   x - +2 plate armour of the Several Deaths {Regen+ Str+4 SInv Stlth+}
rPois    ∞         Spirit   .   y - +2 helmet
rElec    +         Reflect  .   s - +1 cloak
rCorr    +         Harm     .   (no gloves)
MR       +....                  (no boots)
Stlth    ..........             (no amulet)
HPRegen  0.00/turn              Q - +4 ring of intelligence
MPRegen  0.16/turn              q - +3 ring of strength

@: agile, resistant, rotting
A: rotting body, claws 1, carnivore, cold resistance 1, negative energy
resistance 3, inhibited regeneration, torment resistance, unbreathing
a: Stomp, Line Pass, Renounce Religion


You were on level 13 of the Dungeon.
You worshipped Uskayaw.
Uskayaw was noncommittal.
You were not hungry.

You visited 2 branches of the dungeon, and saw 19 of its levels.
You also visited: Sewer.

You collected 1199 gold pieces.

Inventory:

Hand Weapons
 b - a +1 hunting sling
Missiles
 m - 565 stones (quivered)
 n - 93 sling bullets
Armour
 f - a +0 shield (worn)
 j - a scarf of cloud immunity
 s - a +1 cloak (worn)
 x - the +2 plate armour of the Several Deaths (worn) {Regen+ Str+4 SInv Stlth+}
   (You found it on level 10 of the Dungeon)

   It affects your strength (+4).
   It lets you see invisible.
   It increases your rate of regeneration.
   It makes you more stealthy.
 y - a +2 helmet (worn)
 H - a +0 plate armour
 J - +0 fire dragon scales
 K - the +4 plate armour of Beniny {Stlth+}
   (You found it on level 10 of the Dungeon)

   It makes you more stealthy.
Jewellery
 q - a +3 ring of strength (right claw)
 N - an uncursed ring of fire
 Q - a +4 ring of intelligence (left claw)
Wands
 u - a wand of flame (9)
 w - a wand of scattershot (10)
 L - a wand of paralysis (15)
 P - a wand of iceblast (9)
 X - a wand of enslavement (21)
Scrolls
 e - 6 scrolls of identify
 h - 5 scrolls of remove curse
 i - 12 scrolls of teleportation
 k - 2 scrolls of noise
 l - 3 scrolls of vulnerability
 r - a scroll of fog
 t - 2 scrolls of amnesia
 F - a scroll of enchant armour
 I - 3 scrolls of fear
 O - a scroll of enchant weapon
 R - a scroll of magic mapping
Potions
 a - a potion of magic
 c - 6 potions of might
 g - 5 potions of flight
 o - 7 potions of curing
 p - 3 potions of invisibility
 v - 3 potions of agility
 z - 3 potions of brilliance
 A - a potion of lignification
 B - 3 potions of degeneration
 C - a potion of mutation
 E - 3 potions of haste
 G - 2 potions of berserk rage
 S - 2 potions of heal wounds
 V - 2 potions of ambrosia
 W - 2 potions of cancellation
Miscellaneous
 U - a lightning rod (1/4)
Comestibles
 d - 38 rations


   Skills:
 + Level 14.2 Fighting
 - Level 2.6 Armour
 + Level 12.2 Shields
 * Level 18.1 Unarmed Combat
 + Level 6.2 Invocations


You had 14 spell levels left.
You didn't know any spells.
Your spell library contained the following spells:

 Spells                   Type           Power        Failure   Level  Hunger
 Animate Skeleton         Necr           N/A          99%         1    ##.....
 Apportation              Tloc           #.....       99%         1    ##.....
 Confusing Touch          Hex            #.....       99%         1    ##.....
 Magic Dart               Conj           #...         99%         1    ##.....
 Summon Small Mammal      Summ           #...         99%         1    ##.....
 Blink                    Tloc           N/A          100%        2    ###....
 Call Imp                 Summ           #.......     100%        2    ###....
 Slow                     Hex            #.......     100%        2    ###....
 Sticks to Snakes         Tmut           #.......     100%        2    ###....
 Conjure Flame            Conj/Fire      #.......     100%        3    ####...
 Mephitic Cloud           Conj/Pois/Air  #.......     100%        3    ####...
 Metabolic Englaciation   Hex/Ice        #.........   100%        5    ######.
 Bolt of Cold             Conj/Ice       #.........   100%        6    #######
 Freezing Cloud           Conj/Ice/Air   #.........   100%        6    #######
 Ozocubu's Refrigeration  Ice            #.........   100%        6    #######
 Simulacrum               Ice/Necr       #.........   100%        6    #######
 Beastly Appendage        Tmut           Unusable     N/A         1    N/A
 Spider Form              Tmut/Pois      Unusable     N/A         3    N/A
 Ice Form                 Ice/Tmut       Unusable     N/A         4    N/A
 Blade Hands              Tmut           Unusable     N/A         5    N/A

Dungeon Overview and Level Annotations

Branches:
Dungeon (13/15)            Temple (0/1) D:7            Lair (6/6) D:11
  Swamp (0/4) Lair:2       Spider (0/4) Lair:2        Slime (0/5) Lair:6
    Orc (0/2) D:10          Sewer (visited)
 Vaults: D:13-14

Altars:
Ashenzari
Cheibriados
Dithmenos
Gozag
Hepliaklqana
Nemelex Xobeh
Okawaru
Qazlal
Sif Muna
Uskayaw
Vehumet
Zin
The Shining One

Shops:
D:6 (

Annotations:
D:4 1 runed translucent door, Artagas's ghost, novice TeSu
D:12 2 transporters, 1 runed translucent door, MTVSty1e's ghost, journeyman MiMo
D:13 Frances
Lair:2 exclusion: 4 oklob plants
Lair:3 1 runed translucent door


Innate Abilities, Weirdness & Mutations

Your body is rotting away.
You thrive on raw meat.
You are immune to poison.
You have sharp fingernails.
You are carnivorous and can eat meat at any time.
Your flesh is cold resistant. (rC+)
You are immune to negative energy. (rN+++)
You do not regenerate when monsters are visible.
You are immune to unholy pain and torment.
You can survive without breathing.


Message History

The red devil hits you but does no damage.
You block the red devil's attack.
A troll comes into view.
Evoke which item? (* to show all) (? for menu, Esc to quit)
Aiming: Thunderbolt
Press: ? - help, Shift-Dir - straight line, f/p - Frances
Aim: Frances, wielding a +1 dire flail of venom and wearing a +3 chain mail of poison resistance (black smoke, heavily wounded, fast)
The thunderbolt hits Frances!
Frances is severely wounded.
The thunderbolt hits the red devil!
The red devil is almost dead.
Frances hits you with a +1 dire flail of venom!!
* * * LOW HITPOINT WARNING * * *
The red devil hits you from afar with a +0 trident.
* * * LOW HITPOINT WARNING * * *
You block the red devil's attack.
The red devil hits you from afar with a +0 trident.
* * * LOW HITPOINT WARNING * * *
Frances hits you with a +1 dire flail of venom!!
You die...

##..##.....##<.##
'...............#.......
#......._.......#.......
#...............#..!.<..
#..[............#.......
#...............#.......
#...............#44.....
##...###...######@4...T.
##...###...#....@.....#
#.....#....#......§§..#
#.....'....#..........+
#.....#....'..........#
#.....#....#..........#
#.....#....#..........#
##...[##...#..........#
##....##...#.....######
#..........#.....#


You could see Frances, a troll and 3 red devils.

Vanquished Creatures
  Kirke (Lair:4)
  Josephine (D:11)
  A fire dragon (D:10)
  Harold (D:9)
  Erolcha (D:9)
  3 two-headed ogres
  4 hydras (Lair:5)
  A catoblepas (Lair:5)
  An ogre mage (D:10)
  Sonja (D:12)
  Urug (D:12)
  Nergalle (Lair:4)
  4 skeletal warriors (D:13)
  A lindwurm (Lair:5)
  A cyclops (D:12)
  2 manticores
  7 elephants
  7 black mambas
  A torpor snail (Lair:5)
  Psyche (D:9)
  31 spiny frogs
  A gargoyle (D:12)
  A rime drake (Lair:2)
  10 komodo dragons
  A queen bee (Lair:4)
  3 meliai (Lair:4)
  2 trolls
  4 tyrant leeches (Lair:6)
  A hornet (D:10)
  A polar bear (Lair:4)
  27 blink frogs
  6 slime creatures
  4 dream sheep (Lair:5)
  8 hippogriffs
  2 shadows (D:11)
  18 yaks
  4 wraiths (D:10)
  2 wyverns
  2 hogs (Lair:4)
  A hungry ghost (D:10)
  3 humans (Lair:4)
  3 basilisks
  A steam dragon (Lair:5)
  9 vampire mosquitoes
  Menkaure (D:5)
  2 soldier ants (D:8)
  11 porcupines
  12 water moccasins
  7 orc warriors
  3 ice beasts
  3 sky beasts
  2 phantoms
  2 black bears (D:11)
  2 ogres (D:6)
  6 wolves (Lair:4)
  12 centaurs
  8 crocodiles
  4 big kobolds (Sewer)
  24 bullfrogs
  Blork the orc (D:6)
  40 killer bees
  2 electric eels
  2 howler monkeys (D:4)
  8 crimson imps
  A centaur zombie (D:9)
  2 quasits
  3 hounds
  6 orc priests
  Crazy Yiuf (D:3)
  4 bullfrog skeletons
  4 jellies
  7 hell rats (Lair:5)
  6 iguanas
  6 orc wizards
  15 worker ants
  A hound skeleton (D:8)
  5 worker ant zombies
  8 gnolls
  2 river rats (D:4)
  11 adders
  2 shadow imps (D:8)
  4 oozes
  An adder skeleton (D:4)
  6 worms
  A dart slug (D:4)
  3 leopard geckos
  31 orcs
  4 ball pythons
  13 bats
  11 giant cockroaches
  9 goblins
  9 hobgoblins
  14 jackals
  2 quokkas
  9 frilled lizards
  A jackal skeleton (D:4)
  18 kobolds
  A quokka skeleton (D:6)
  A quokka zombie (D:4)
  9 rats
  A rat zombie (D:4)
  A fungus (D:3)
571 creatures vanquished.

Vanquished Creatures (others)
  11 fungi
  43 plants
  2 withered plants (D:4)
56 creatures vanquished.

Grand Total: 627 creatures vanquished

Notes
Turn   | Place    | Note
-------+----------+-------------------------------------------
     0 | D:1      | night the Ghoul Fighter began the quest for the Orb.
     0 | D:1      | Reached XP level 1. HP: 19/19 MP: 0/0
   124 | D:1      | Reached XP level 2. HP: 24/26 MP: 1/1
   279 | D:1      | Reached skill level 3 in Unarmed Combat
   480 | D:1      | Reached XP level 3. HP: 27/31 MP: 2/2
  1132 | D:2      | Reached XP level 4. HP: 26/40 MP: 3/3
  1441 | D:2      | Reached skill level 4 in Unarmed Combat
  1620 | D:2      | Reached XP level 5. HP: 39/46 MP: 4/4
  2034 | D:3      | Found a hide-covered altar of Uskayaw.
  2074 | D:3      | Became a worshipper of Uskayaw the Reveler
  2115 | D:3      | Noticed a centaur
  2121 | D:3      | Reached * piety under Uskayaw
  2123 | D:3      | Reached ** piety under Uskayaw
  2124 | D:3      | Killed a centaur
  2300 | D:3      | Found a glowing golden altar of the Shining One.
  2492 | D:3      | Reached skill level 5 in Unarmed Combat
  2492 | D:3      | Reached XP level 6. HP: 47/52 MP: 5/5
  2495 | D:3      | Reached *** piety under Uskayaw
  2512 | D:3      | Found a snail-covered altar of Cheibriados.
  2696 | D:3      | Found a runed translucent door.
  2697 | D:3      | Noticed Crazy Yiuf
  2705 | D:3      | Killed Crazy Yiuf
  2943 | D:4      | Found a radiant altar of Vehumet.
  3007 | D:4      | Reached skill level 5 in Fighting
  3020 | D:4      | Reached XP level 7. HP: 49/61 MP: 6/6
  3146 | D:4      | Found a glowing drain.
  3151 | D:4      | Found a runed translucent door.
  3173 | D:4      | Reached skill level 6 in Unarmed Combat
  3188 | Sewer    | Entered a sewer
  3676 | Sewer    | Reached skill level 7 in Unarmed Combat
  4096 | D:4      | Noticed Artagas's ghost (novice TeSu)
  4124 | D:4      | Reached XP level 8. HP: 62/65 MP: 7/7
  4611 | D:4      | Found an opulent altar of Gozag.
  4614 | D:4      | Found a hazy altar of Hepliaklqana.
  4620 | D:4      | Found an iron altar of Okawaru.
  4623 | D:4      | Found a sparkling altar of Nemelex Xobeh.
  4634 | D:4      | Found a shadowy altar of Dithmenos.
  4733 | D:5      | Entered Level 5 of the Dungeon
  4827 | D:5      | Reached skill level 5 in Shields
  4883 | D:5      | Reached skill level 8 in Unarmed Combat
  4954 | D:5      | Found a shimmering blue altar of Sif Muna.
  5058 | D:5      | Found a glowing silver altar of Zin.
  5289 | D:6      | Found Qathre's Weapon Shoppe.
  5309 | D:6      | Noticed Blork the orc
  5357 | D:6      | Noticed Menkaure
  5377 | D:5      | HP: 3/71 [Menkaure (17)]
  5387 | D:5      | Killed Menkaure
  5585 | D:6      | Killed Blork the orc
  5710 | D:6      | Reached XP level 9. HP: 75/78 MP: 8/8
  5740 | D:6      | Reached skill level 9 in Unarmed Combat
  6002 | D:6      | Found a stormy altar of Qazlal.
  6601 | D:7      | Found a staircase to the Ecumenical Temple.
  6665 | D:7      | Reached **** piety under Uskayaw
  6939 | D:7      | Reached skill level 10 in Unarmed Combat
  7372 | D:8      | Noticed a two-headed ogre
  7402 | D:8      | Killed a two-headed ogre
  7402 | D:8      | Reached skill level 11 in Unarmed Combat
  7402 | D:8      | Reached XP level 10. HP: 72/89 MP: 2/9
  8298 | D:9      | Reached ***** piety under Uskayaw
  8499 | D:9      | Reached skill level 12 in Unarmed Combat
  9095 | D:9      | Noticed Psyche
  9109 | D:9      | Killed Psyche
  9236 | D:9      | Noticed Erolcha
  9254 | D:9      | Killed Erolcha
  9254 | D:9      | Reached XP level 11. HP: 72/99 MP: 10/10
  9591 | D:10     | Entered Level 10 of the Dungeon
  9942 | D:10     | Found a runed translucent door.
  9949 | D:10     | Reached skill level 13 in Unarmed Combat
  9959 | D:10     | Noticed a manticore
  9967 | D:10     | Killed a manticore
  9967 | D:10     | Reached skill level 10 in Fighting
  9980 | D:10     | Noticed an ogre mage
  9980 | D:10     | Noticed a fire dragon
  9984 | D:10     | Killed an ogre mage
 10001 | D:10     | Noticed a two-headed ogre
 10001 | D:10     | HP: 4/99 [two-headed ogre/+0 great mace (8)]
 10002 | D:10     | Noticed Harold
 10397 | D:9      | Killed Harold
 10415 | D:10     | Killed a two-headed ogre
 10495 | D:10     | Got a heavily runed plate armour
 10552 | D:10     | Identified the +2 plate armour of the Several Deaths
                  | {Regen+ Str+4 SInv Stlth+} (You found it on level 10 of the
                  | Dungeon)
 10686 | D:10     | Killed a fire dragon
 10717 | D:10     | Got a steaming plate armour
 10728 | D:10     | Identified the +4 plate armour of Beniny {Stlth+} (You
                  | found it on level 10 of the Dungeon)
 10992 | D:10     | Found a staircase to the Orcish Mines.
 11127 | D:11     | Noticed Josephine
 11266 | D:11     | Killed Josephine
 11266 | D:11     | Reached skill level 14 in Unarmed Combat
 11507 | D:11     | Reached XP level 12. HP: 104/106 MP: 11/11
 11618 | D:11     | Found a shattered altar of Ashenzari.
 11701 | D:11     | Found a staircase to the Lair.
 12199 | Lair:1   | Entered Level 1 of the Lair of Beasts
 13209 | Lair:2   | Reached skill level 15 in Unarmed Combat
 13271 | Lair:2   | Found a staircase to the Swamp.
 13309 | Lair:2   | Found a hole to the Spider Nest.
 13783 | Lair:3   | Reached skill level 10 in Shields
 13990 | Lair:3   | Found a runed translucent door.
 14392 | Lair:4   | Noticed Nergalle
 14399 | Lair:4   | Killed Nergalle
 14473 | Lair:4   | Reached XP level 13. HP: 99/118 MP: 12/12
 14524 | Lair:4   | Noticed Kirke
 14530 | Lair:4   | Killed Kirke
 14530 | Lair:4   | Reached skill level 16 in Unarmed Combat
 16271 | Lair:4   | Reached skill level 17 in Unarmed Combat
 16681 | Lair:5   | Reached skill level 1 in Invocations
 16716 | Lair:5   | You fall into a shaft and drop 1 floor!
 16716 | Lair:6   | Entered Level 6 of the Lair of Beasts
 16875 | Lair:6   | Reached XP level 14. HP: 128/129 MP: 14/14
 17682 | Lair:6   | Reached ****** piety under Uskayaw
 17903 | Lair:6   | Reached skill level 5 in Invocations
 17925 | Lair:6   | Found a staircase to the Slime Pits.
 19114 | D:12     | Found a transporter.
 19129 | D:12     | Found a transporter.
 19319 | D:12     | Noticed Urug
 19332 | D:12     | Killed Urug
 19410 | D:12     | Noticed Sonja
 19422 | D:12     | Killed Sonja
 19495 | D:12     | Found a runed translucent door.
 19495 | D:12     | Noticed MTVSty1e's ghost (journeyman MiMo)
 19751 | D:13     | Reached skill level 18 in Unarmed Combat
 19812 | D:13     | Reached XP level 15. HP: 69/138 MP: 18/18
 19936 | D:13     | Found a shimmering blue altar of Sif Muna.
 20094 | D:13     | Noticed Frances
 20104 | D:13     | Slain by Frances

Levels and vault maps discovered:
D:1:      dpeg_arrival_rhombus, layout_loops_ring, minmay_lizard_pond
D:2:      layout_basic
D:3:      layout_loops_ring, marbit_many_paths, old_standard_altar,
          lemuel_round_altar, uniq_crazy_yiuf_cottage
D:4:      layout_layer_cave, vehumet_altar_wand_db,
          minmay_overflow_temple_star_hex, portal_sewer_entry_c,
          gammafunk_ghost_grave, first_ration, enter_ossuary_4
D:5:      layout_gridville, lemuel_blue_sif_altar, kennysheep_mini,
          hangedman_decor_slide_cut
D:6:      layout_basic, nicolae_qazlal_style_of_elements, serial_shops, shop,
          uniq_menkaure, uniq_blork_the_orc
D:7:      layout_gridville, minmay_temple_entry_statues, minmay_misc_feat_alley
D:8:      layout_basic, hangedman_pestilent_swarm
D:9:      layout_stronghold, lightli_bailey_entry_fortress, uniq_psyche,
          uniq_erolcha
D:10:     layout_rooms, nicolae_benzene_ring, minivault_13, uniq_harold
D:11:     layout_stronghold, grunt_lair_entry_orc_guard_hut,
          nicolae_ashenzari_panopticon, uniq_josephine
D:12:     gammafunk_jiyva_shrine, layout_irregular_city,
          ebering_ghost_reflecting_pool, uniq_sonja, uniq_urug
D:13:     layout_gridville, grunt_vaults_entry_tiered, basic_altar,
          ebering_dispersal_statue_hall, uniq_frances
Lair:1:   layout_roguey
Lair:2:   layout_long_grid, swamp_mist, nicolae_spider_entry_non_spiders,
          beast_lair_carwin_2, minmay_lair_oklob_chamber, grunt_megastairs_3
Lair:3:   layout_loops_ring, ebering_ghost_reflecting_pool, st_stairs_13,
          minivault_11, minmay_lindwurm_lava, serial_bayou_shore_a
Lair:4:   layout_roguey [special_room_bee], uniq_kirke, uniq_nergalle
Lair:5:   layout_loops_ring, nicolae_volcano_entry_vermiform,
          beast_lair_carwin_3
Lair:6:   minmay_lair_end_frog_pond, layout_cave_pods,
          minmay_slime_entry_pillars, pond

Skill      XL: |  1  2  3  4  5  6  7  8  9 10 11 12 13 14 |
---------------+-------------------------------------------+-----
Unarmed Combat | 3 4 5 7 8 11 12 14 15 17 18 | 18.1
Shields        | 3 4 5 6 8 9 10 11 12 | 12.2
Fighting       | 4 5 6 8 9 10 12 13 14 | 14.2
Invocations    | 1 6 |  6.2
Armour         | |  2.6

Action                   |  1- 3 |  4- 6 |  7- 9 | 10-12 | 13-15 || total
-------------------------+-------+-------+-------+-------+-------++-------
Melee: Unarmed           |   131 |   190 |   421 |   628 |   751 ||  2121
 Fire: Hunting sling     |     3 |     2 |       |    24 |    12 ||    41
Throw: Stone             |       |       |       |       |     1 ||     1
Invok: Stomp             |       |     1 |     2 |       |     2 ||     5
       Line Pass         |       |       |     2 |     1 |       ||     3
Evoke: Wand              |       |       |     7 |     1 |     2 ||    10
       Lightning rod     |       |       |       |       |     3 ||     3
  Use: Scroll            |     3 |     7 |     3 |     4 |    14 ||    31
       Potion            |       |       |     3 |     8 |     2 ||    13
 Stab: Paralysed         |       |     1 |    13 |    28 |    46 ||    88
       Invisible         |       |       |       |     3 |       ||     3
       Petrified         |       |       |       |       |     1 ||     1
  Eat: Chunk             |     2 |     7 |    17 |    35 |    51 ||   112
Armor: Scale mail        |    42 |    64 |    99 |       |       ||   205
       Chain mail        |       |       |    44 |       |       ||    44
       Plate armour      |       |       |    14 |   322 |   279 ||   615
Dodge: Dodged            |    36 |    44 |   105 |   109 |   132 ||   426
Block: Shield            |    46 |    78 |   208 |   327 |   445 ||  1104
